 Dungeon Crawl Stone Soup version 0.32-a0-918-g0f22ef8d61 (webtiles) character file.

Game seed: 6114555588290806170

283 BigDaddyOpFi the Covered (level 6, 0/52 HPs)
             Began as an Armataur Fighter on Apr 10, 2024.
             Slain by a killer bee (4 damage)
             ... on level 4 of the Dungeon.
             The game lasted 00:04:20 (3036 turns).

BigDaddyOpFi the Covered (Armataur Fighter)         Turns: 3036, Time: 00:04:20

Health: 0/52       AC: 10    Str: 23 (24) XL:     6   Next: 7%
Magic:  6/6        EV:  5    Int:  7 (8)  God:
Gold:   177        SH:  4    Dex:  7 (9)  Spells: 5/5 levels left

rFire   . . .        a - +0 war axe
rCold   . . .        c - +0 buckler
rNeg    . . .        n - +0 chain mail
rPois   .            l - +0 helmet
rElec   .            (no cloak)
rCorr   .            (no gloves)
SInv    .            (no barding)
Will    .....        h - amulet of regeneration Stlth
                     (no ring)
HPRegen 1.08/turn    (no ring)
MPRegen 0.76/turn

%: roll
@: lethally poisoned (0 -> -7)
A: large, deformed body, tough skin 3, armoured tail, rollpage 1
a: no special abilities


You were on level 4 of the Dungeon.
You visited 1 branch of the dungeon, and saw 4 of its levels.

You collected 177 gold pieces.

Inventory:

Hand Weapons
 a - a +0 war axe (weapon)
Armour
 c - a +0 buckler (worn)
 l - a +0 helmet (worn)
 n - a +0 chain mail (worn)
Jewellery
 b - a +5 ring of evasion
 h - an amulet of regeneration (around neck)
 p - a ring of ice
 q - a ring of magical power
Scrolls
 g - a scroll of brand weapon {unknown}
 j - 2 scrolls of enchant armour {unknown}
 m - 5 scrolls of identify {unknown}
 o - a scroll of torment {unknown}
 r - a scroll of teleportation {unknown}
Potions
 d - 2 potions of might
 i - a potion of haste
 s - a potion of lignification


   Skills:
 + Level 3.8 Fighting
 + Level 2.9 Axes
 + Level 5.2 Armour
 + Level 4.6 Shields


You had 5 spell levels left.
You didn't know any spells.
Your spell library contained the following spells:

 Spells                   Type           Power      Damage    Failure   Level
 Apportation              Tloc           0%         N/A       97%         1
 Necrotise                Necr           0%         1d4       97%         1
 Sting                    Conj/Alch      0%         1d3       97%         1
 Summon Small Mammal      Summ           0%         N/A       97%         1
 Inner Flame              Hex/Fire       0%         N/A       100%        3
 Flame Wave               Conj/Fire      0%         2d4       100%        4
 Sticky Flame             Fire/Alch      0%         2d4       100%        4


Dungeon Overview and Level Annotations

Branches:
Dungeon (4/15)
 Temple: D:4-7

Altars:
Fedhas
Qazlal


Innate Abilities, Weirdness & Mutations

Armour fits poorly on your strangely shaped body.
You have extremely tough skin. (AC +3)
You have a long armoured tail.
You regenerate magic when rolling toward enemies. (Rampage MPRegen)


Message History

You flicker for a moment.
You feel sick.
The killer bee buzzes angrily.
You block the killer bee's attack. The killer bee stings you!
You are more poisoned.
The killer bee poisons you! You block the killer bee's attack.
You miss the killer bee.
Your tail-slap misses the killer bee.
The killer bee is heavily wounded.
You feel yourself slow down.
You feel sick.
The killer bee buzzes angrily.
The killer bee closely misses you.
You roll towards the killer bee!
You strike the helpless killer bee from behind!
You slash the killer bee!
You kill the killer bee!
You closely miss the killer bee.
You feel very sick. The killer bee stings you.
You are more poisoned.
The killer bee poisons you! The killer bee stings you.
You feel your dexterity returning.
You have reached level 6!
You miss the killer bee.
The killer bee is moderately wounded.
You feel very sick.
The killer bee stings you but does no damage.
You block the killer bee's attack. The killer bee stings you.
* * * LOW HITPOINT WARNING * * *
You closely miss the killer bee.
The killer bee is lightly wounded.
You flicker back into view.
You feel very sick. The killer bee stings you.
* * * LOW HITPOINT WARNING * * *
You are lethally poisoned!
The killer bee poisons you!
The killer bee stings you but does no damage.
The killer bee stings you.
You die...

#..#.....# ........
########## #......#
......# #...=..#
......# #......#
y.....# #......#
...§..# ####.)....#
.....§## ##......)..#
...y....###..♣.....$.#
#+##.##.........@.)..#
######....<..y.#+##
##^.....$.# ##♣...♣..#
#......# ##.....#
#.....# #######


You could see a killer bee.

Vanquished Creatures
  2 killer bees
  An iguana (D:4)
  3 gnolls
  7 adders
  2 ribbon worms (D:2)
  A dart slug (D:2)
  3 orcs
  8 endoplasms
  2 giant cockroaches
  8 hobgoblins
  5 jackals
  A quokka (D:4)
  3 ball pythons
  12 bats
  A frilled lizard (D:1)
  5 goblins
  6 kobolds
  2 rats
72 creatures vanquished.

Notes
Turn   | Place    | Note
-------+----------+-------------------------------------------
     0 | D:1      | BigDaddyOpFi the Armataur Fighter began the quest for the
                  | Orb.
     0 | D:1      | Reached XP level 1. HP: 18/18 MP: 1/1
   225 | D:1      | Reached XP level 2. HP: 25/25 MP: 2/2
   818 | D:2      | Reached skill level 4 in Armour
   951 | D:2      | Reached XP level 3. HP: 31/31 MP: 3/3
  1301 | D:2      | Reached XP level 4. HP: 34/38 MP: 4/4
  2146 | D:4      | Reached XP level 5. HP: 26/45 MP: 5/5
  2222 | D:4      | Found a blossoming altar of Fedhas.
  2222 | D:4      | Found a stormy altar of Qazlal.
  2629 | D:3      | Reached skill level 5 in Armour
  2984 | D:4      | HP: 1/69 [killer bee (7)]
  3035 | D:4      | Reached XP level 6. HP: 19/52 MP: 6/6
  3036 | D:4      | Slain by a killer bee

Illustrated notes

Levels and vault maps discovered:
D:1:      orjb1_clovarrival, layout_loops_ring, hangedman_abyss_or_decor_stabs,
          minmay_misc_feat_five
D:2:      layout_basic, nicolae_concentric_dashed_squares_mild
D:3:      layout_basic, grunt_ministairs_9
D:4:      layout_gridville, grunt_temple_overflow_forces_of_nature,
          minmay_temple_entry_poolview, grunt_ministairs_1, uniq_edmund

Skill      XL: |  1  2  3  4  5 |
---------------+----------------+-----
Armour         | 4 5 |  5.2
Fighting       | 3 |  3.8
Axes           | 2 |  2.9
Shields        | 4 |  4.6

Action                     |  1- 3 |  4- 6 || total
---------------------------+-------+-------++-------
  Melee: War axe           |   116 |   134 ||   250
         Tailslap          |     7 |     9 ||    16
    Use: Potion            |       |     9 ||     9
         Scroll            |       |     2 ||     2
   Stab: Invisible         |       |     2 ||     2
 Armour: Scale mail        |    52 |       ||    52
         Chain mail        |    72 |   199 ||   271
         Skin              |       |    15 ||    15
  Dodge: Dodged            |    33 |    44 ||    77
  Block: Buckler           |    41 |    51 ||    92

Table legend: (Time is in decaauts)
 A = Elapsed time spent in this place.
 B = Non-inter-level travel time spent in this place.
 C = Inter-level travel time spent in this place.
 D = Time resting spent in this place.
 E = Time spent auto-exploring this place.
 F = Levels seen in this place.
 G = Mean time per level.
                   A        B        C        D        E       F      G
               +--------+--------+--------+--------+--------+-----+--------+
         Total |   3123 |   3068 |     55 |    547 |   1885 |   4 |  780.8 |
       Dungeon |   3123 |   3068 |     55 |    547 |   1885 |   4 |  780.8 |
               +--------+--------+--------+--------+--------+-----+--------+

Top non-repeatable levels by time:
     D:3: 1194 daAuts
     D:1: 836 daAuts
     D:2: 644 daAuts
     D:4: 448 daAuts
